 Dungeon Crawl Stone Soup version 0.28-a0-1624-g820543e53a (webtiles) character file.

Game seed: 18368243827386877

1569 hashsling the Cleaver (level 8, -3/74 HPs)
             Began as a Minotaur Gladiator on Jan 23, 2022.
             Was a Believer of Okawaru.
             Slain by a six-headed hydra (4 damage)
             ... on level 9 of the Dungeon.
             The game lasted 00:10:29 (5399 turns).

hashsling the Cleaver (Minotaur Gladiator)          Turns: 5399, Time: 00:10:29

Health: -3/74      AC:  9    Str: 22    XL:     8   Next: 59%
Magic:  7/7        EV: 11    Int:  5    God:    Okawaru [**....]
Gold:   391        SH:  0    Dex: 11    Spells: 7/7 levels left

rFire   . . .      SeeInvis .   s - +0 mace
rCold   . . .      Faith    .   (no shield)
rNeg    . . .      Spirit   .   k - +0 scale mail
rPois   .          Reflect  .   g - +2 hat
rElec   .          Harm     .   (no cloak)
rCorr   .          Rampage  .   (no gloves)
Will    .....                   (no boots)
Stlth   ..........              (no amulet)
HPRegen 0.22/turn               (no ring)
MPRegen 0.10/turn               (no ring)

@: no status effects
A: horns 2, retaliatory headbutt
a: Renounce Religion, Heroism


You were on level 9 of the Dungeon.
You worshipped Okawaru.
Okawaru was pleased with you.
You visited 1 branch of the dungeon, and saw 7 of its levels.

You collected 391 gold pieces.

Inventory:

Hand Weapons
 a - a +0 war axe
 b - a +0 arbalest
 r - a +0 hand crossbow
 s - a +0 mace (weapon)
Missiles
 q - 38 bolts
Armour
 g - a +2 hat (worn)
 k - a +0 scale mail (worn)
Wands
 p - a wand of iceblast (5)
Scrolls
 c - a scroll of noise {unknown}
 e - a scroll of magic mapping {unknown}
 f - 3 scrolls of teleportation {unknown}
 l - 2 scrolls of enchant armour {unknown}
 n - a scroll of identify {unknown}
Potions
 h - 2 potions of haste {unknown}
 i - a potion of heal wounds {unknown}
 j - a potion of resistance {unknown}
 m - a potion of attraction {unknown}
 o - a potion of magic {unknown}


   Skills:
 * Level 8.1 Fighting
 * Level 8.4 Axes
 + Level 2.2 Crossbows
 - Level 2.0 Throwing
 + Level 4.8 Armour
 - Level 5.0 Dodging


You had 7 spell levels left.
You didn't know any spells.
Your spell library contained the following spells:

 Spells                   Type           Power      Damage    Failure   Level
 Foxfire                  Conj/Fire      0%         2x1d4     78%         1
 Conjure Flame            Conj/Fire      0%         6-21      98%         3
 Inner Flame              Hex/Fire       0%         N/A       98%         3
 Flame Wave               Conj/Fire      0%         2d4       100%        4


Dungeon Overview and Level Annotations

Branches:
Dungeon (6/15)                Orc (0/2) D:9
 Temple: D:4-7

Altars:
Okawaru
Vehumet

Shops:
D:5 *


Innate Abilities, Weirdness & Mutations

You have a pair of horns on your head.
You reflexively headbutt those who attack you in melee.


Message History

The six-headed hydra bites you! x3; The six-headed hydra bites you.
The six-headed hydra barely misses you.
Throw: throwing net
Press: ? - help, Q - select action, (/) - cycle Shift-Dir - straight line, f - six-headed hydra
Aim: a six-headed hydra (lightly wounded, 79% to hit, immune to nets)
You throw a throwing net.
The throwing net hits the six-headed hydra.
The six-headed hydra is too large for the net to hold!
The six-headed hydra is lightly wounded.
The six-headed hydra bites you but does no damage.
The six-headed hydra barely misses you. The six-headed hydra bites you.
The six-headed hydra bites you but does no damage.
The six-headed hydra barely misses you. The six-headed hydra bites you!
You barely miss the six-headed hydra.
The six-headed hydra is lightly wounded.
The six-headed hydra bites you.
The six-headed hydra completely misses you.
The six-headed hydra bites you!
* * * LOW HITPOINT WARNING * * *
The six-headed hydra bites you!
* * * LOW HITPOINT WARNING * * *
The six-headed hydra closely misses you.
The six-headed hydra barely misses you.
You thump the six-headed hydra!
Your headbutt misses the six-headed hydra.
The six-headed hydra is moderately wounded.
The six-headed hydra bites you but does no damage.
The six-headed hydra bites you.
* * * LOW HITPOINT WARNING * * *
The six-headed hydra bites you.
* * * LOW HITPOINT WARNING * * *
The six-headed hydra bites you but does no damage.
The six-headed hydra barely misses you.
The six-headed hydra bites you but does no damage.
You sock the six-headed hydra!
The six-headed hydra is moderately wounded.
The six-headed hydra bites you.
* * * LOW HITPOINT WARNING * * *
The six-headed hydra barely misses you. The six-headed hydra bites you.
You die...

....#..........#
......####.....#
....### ###.###
....# #...#
....# ###.#
...## #.# .####
#####.###+###
....#
#.....#8...8#
....#
#.....D@....#
....#
...........>...#
....+
.##............#
....#
#.......##...'.
....# #.......#
####. ....#
##.###### #####
#. #.


You could see a six-headed hydra.

Vanquished Creatures
  An orc warrior (D:9)
  2 black bears
  An ice beast (D:5)
  An ogre (D:5)
  A necrophage (D:6)
  4 centaurs
  3 scorpions
  A water moccasin skeleton (D:4)
  3 killer bees (D:9)
  A hound (D:5)
  Crazy Yiuf (D:3)
  An iguana (D:4)
  3 orc wizards
  A killer bee zombie (D:5)
  A howler monkey zombie (D:6)
  3 gnolls (D:3)
  5 adders
  2 ufetubi (D:4)
  4 worms
  2 dart slugs (D:1)
  8 orcs
  6 endoplasms
  2 giant cockroaches
  8 goblins
  7 hobgoblins
  3 quokkas
  7 ball pythons
  5 bats
  5 frilled lizards
  11 kobolds
  5 rats
108 creatures vanquished.

Notes
Turn   | Place    | Note
-------+----------+-------------------------------------------
     0 | D:1      | hashsling the Minotaur Gladiator began the quest for the
                  | Orb.
     0 | D:1      | Reached XP level 1. HP: 18/18 MP: 0/0
    40 | D:1      | Reached XP level 2. HP: 23/25 MP: 1/1
   218 | D:1      | Found a faded altar of an unknown god.
   341 | D:1      | Reached XP level 3. HP: 31/31 MP: 2/2
   964 | D:3      | Found an iron altar of Okawaru.
   970 | D:3      | Became a worshipper of Warmaster Okawaru
  1257 | D:3      | Reached XP level 4. HP: 40/40 MP: 3/3
  1878 | D:3      | Found a runed translucent door.
  1879 | D:3      | Noticed Crazy Yiuf
  1885 | D:3      | Killed Crazy Yiuf
  1886 | D:3      | Reached skill level 1 in Crossbows
  1991 | D:4      | Reached XP level 5. HP: 34/46 MP: 4/4
  2082 | D:4      | Reached skill level 1 in Armour
  2102 | D:4      | Noticed a black bear
  2120 | D:4      | Killed a black bear
  2121 | D:4      | Reached skill level 5 in Axes
  2121 | D:4      | Reached skill level 5 in Dodging
  2121 | D:4      | Reached XP level 6. HP: 44/55 MP: 5/5
  2381 | D:4      | Reached * piety under Okawaru
  2382 | D:4      | Reached skill level 5 in Fighting
  2914 | D:5      | Entered Level 5 of the Dungeon
  2944 | D:5      | Reached XP level 7. HP: 15/62 MP: 6/6
  4045 | D:5      | Found Gag Tur's CLEARANCE SALE!.
  4167 | D:6      | Reached ** piety under Okawaru
  4187 | D:6      | Reached XP level 8. HP: 46/73 MP: 7/7
  4540 | D:6      | Found a radiant altar of Vehumet.
  4638 | D:6      | You fall into a shaft and drop 3 floors!
  5387 | D:9      | Found a staircase to the Orcish Mines.
  5388 | D:9      | Noticed a six-headed hydra
  5398 | D:9      | HP: 3/74 [six-headed hydra (2)]
  5399 | D:9      | HP: 1/74 [six-headed hydra (2)]
  5399 | D:9      | Slain by a six-headed hydra

Illustrated notes

Levels and vault maps discovered:
D:1:      dpeg_arrival_solitude, layout_rooms, ebering_ecumenical_altar_rust,
          minmay_cupped
D:2:      layout_basic, minmay_tripent
D:3:      layout_loops_ring, lemuel_round_altar, uniq_crazy_yiuf_cottage
D:4:      layout_basic
D:5:      layout_gridville, nicolae_shop_clearance
D:6:      hellmonk_warped_wall, layout_rooms, nicolae_vehumet_altar_sigil,
          serial_shops, nicolae_shop_hallway_plus, serial_rivers,
          chequers_serial_rivers_small_a, chequers_serial_rivers_small_a,
          chequers_serial_rivers_micro_d, chequers_serial_rivers_small_b,
          chequers_serial_rivers_large_b, chequers_serial_rivers_room_b
D:9:      layout_roguey, lemuel_round_altar, minmay_orc_entry_temple_small,
          gammafunk_ghost_stat_death

Skill      XL: |  1  2  3  4  5  6  7  8 |
---------------+-------------------------+-----
Fighting       | 3 4 5 7 8 |  8.1
Axes           | 4 5 6 7 8 |  8.4
Dodging        | 4 5 |  5.0
Crossbows      | 1 2 |  2.2
Armour         | 1 2 3 4 |  4.8
Throwing       | |  2.0

Action                   |  1- 3 |  4- 6 |  7- 9 || total
-------------------------+-------+-------+-------++-------
Melee: War axe           |    88 |    89 |   111 ||   288
       Headbutt          |    16 |    19 |    17 ||    52
       Punch             |       |       |     1 ||     1
       Mace              |       |       |     4 ||     4
 Fire: Arbalest          |       |       |     2 ||     2
Throw: Throwing net      |       |     3 |     2 ||     5
Invok: Heroism           |       |       |     2 ||     2
 Stab: Sleeping          |     1 |       |       ||     1
       Held in net/web   |       |       |     1 ||     1
Armor: Leather armour    |    22 |     1 |       ||    23
       Ring mail         |       |     9 |       ||     9
       Scale mail        |       |    29 |    71 ||   100
Dodge: Dodged            |    67 |    60 |   103 ||   230

Table legend: (Time is in decaauts)
 A = Elapsed time spent in this place.
 B = Non-inter-level travel time spent in this place.
 C = Inter-level travel time spent in this place.
 D = Time resting spent in this place.
 E = Time spent auto-exploring this place.
 F = Levels seen in this place.
 G = Mean time per level.
                   A        B        C        D        E       F      G
               +--------+--------+--------+--------+--------+-----+--------+
         Total |   5460 |   5295 |    165 |      0 |   4512 |   7 |  780.0 |
       Dungeon |   5460 |   5295 |    165 |      0 |   4512 |   7 |  780.0 |
               +--------+--------+--------+--------+--------+-----+--------+

Top non-repeatable levels by time:
     D:5: 1183 daAuts
     D:4: 1010 daAuts
     D:3: 979 daAuts
     D:9: 761 daAuts
     D:6: 556 daAuts
     D:1: 538 daAuts
     D:2: 431 daAuts
